 Dungeon Crawl Stone Soup version 0.27.1-1-g398f81649c (webtiles) character file.

Game seed: 17775299688270787618

162 pokedragonboy the Insei (level 5, -4/41 HPs)
             Began as a Gnoll Transmuter on Sept 16, 2021.
             Slain by a gnoll (7 damage)
             ... on level 4 of the Dungeon.
             The game lasted 00:06:09 (3441 turns).

pokedragonboy the Insei (Gnoll Transmuter)          Turns: 3441, Time: 00:06:09

Health: -4/41      AC:  2    Str: 10    XL:     5   Next: 43%
Magic:  10/12      EV: 13    Int: 13    God:
Gold:   124        SH:  0    Dex: 12    Spells: 8/14 levels left

rFire    . . .     SeeInvis .   c - +0 short sword (venom)
rCold    . . .     Faith    .   (no shield)
rNeg     . . .     Spirit   .   a - +0 robe
rPois    .         Reflect  .   (helmet currently unavailable)
rElec    .         Harm     .   (no cloak)
rCorr    .         Rampage  .   (no gloves)
Will     .....                  (boots currently unavailable)
Stlth    ++........             (no amulet)
HPRegen  0.13/turn              (no ring)
MPRegen  0.13/turn              (no ring)

@: appendages (expiring), wereblooded, hasted, very quick
A: horns 2, talons 2, fangs 1, strong nose, distributed training
a: End Transformation


You were on level 4 of the Dungeon.
You had temporarily grown beastly horns and talons.
You visited 1 branch of the dungeon, and saw 4 of its levels.

You collected 124 gold pieces.

Inventory:

Hand Weapons
 c - a +0 short sword of venom (weapon)
Armour
 a - a +0 robe (worn)
 i - a +0 pair of boots (melded)
Scrolls
 d - a scroll of enchant weapon {unknown}
 f - 2 scrolls of teleportation {unknown}
 g - 2 scrolls of identify {unknown}
 h - a scroll of fog {unknown}
Potions
 b - a potion of haste
 e - a potion of curing {unknown}


   Skills:
 + Level 3.0 Fighting
 + Level 1.5 Short Blades
 + Level 1.5 Long Blades
 + Level 1.5 Axes
 + Level 1.5 Maces & Flails
 + Level 1.5 Polearms
 + Level 1.5 Staves
 + Level 1.5 Slings
 + Level 1.5 Bows
 + Level 1.5 Crossbows
 + Level 1.5 Throwing
 + Level 1.5 Armour
 + Level 4.8 Dodging
 + Level 1.5 Stealth
 + Level 1.5 Shields
 + Level 6.7 Unarmed Combat
 + Level 5.2 Spellcasting
 + Level 1.2 Conjurations
 + Level 1.2 Hexes
 + Level 1.2 Summonings
 + Level 1.2 Necromancy
 + Level 1.2 Translocations
 + Level 4.0 Transmutations
 + Level 1.2 Fire Magic
 + Level 1.2 Ice Magic
 + Level 1.2 Air Magic
 + Level 1.2 Earth Magic
 + Level 1.2 Poison Magic
 + Level 1.7 Invocations
 + Level 1.5 Evocations


You had 8 spell levels left.
You knew the following spells:

 Your Spells              Type           Power      Damage    Failure   Level
a - Beastly Appendage     Tmut           26%        N/A       3%          1
b - Wereblood             Tmut           13%        N/A       5%          2
c - Spider Form           Tmut/Pois      5%         N/A       19%         3

Your spell library contained the following spells:

 Spells                   Type           Power      Damage    Failure   Level
 Ice Form                 Ice/Tmut       10%        N/A       54%         4


Dungeon Overview and Level Annotations

Branches:
Dungeon (4/15)
 Temple: D:4-7

Altars:
Dithmenos

Shops:
D:1 ?   D:2 (

Annotations:
D:2 1 runed translucent door, Crazy Yiuf


Innate Abilities, Weirdness & Mutations

You have temporarily grown beastly horns and talons.
You have very sharp teeth.
Your uncanny sense of smell can sniff out nearby items.
Your experience applies equally to all skills.


Message History

Casting: Beastly Appendage (safe; 3% risk of failure)
Confirm with . or Enter, or press ? or * to list all spells.
You extend your transformation's duration.
The gnoll misses you.
Casting: Beastly Appendage (safe; 3% risk of failure)
Confirm with . or Enter, or press ? or * to list all spells.
Your blood is infused with primal strength.
The gnoll hits you from afar with a +0 spear.
The gnoll barely misses you.
You hit the gnoll.
The gnoll is poisoned.
The gnoll is lightly wounded.
The gnoll hits you with a +0 spear.
You closely miss the gnoll. You claw the gnoll. Your punch misses the gnoll.
The gnoll is heavily wounded.
The gnoll closely misses you.
You hit the gnoll.
The gnoll looks as sick as possible!
You claw the gnoll, but do no damage. You bite the gnoll, but do no damage.
The gnoll is severely wounded.
You hit the gnoll.
You feel a bit better.
You kill the gnoll!
You howl as the wereblood boils in your veins!
Your Transmutations skill increases to level 4!
A gnoll comes into view. It is wielding a +0 flail.
The gnoll hits you with a +0 whip.
The gnoll hits you from afar with a +0 spear.
The gnoll closely misses you.
You hit the gnoll.
The gnoll is poisoned.
Your kick misses the gnoll. You headbutt the gnoll.
The gnoll is heavily wounded.
Your transformation is almost over.
The gnoll hits you with a +0 whip!
* * * LOW HITPOINT WARNING * * *
The gnoll hits you from afar with a +0 spear.
* * * LOW HITPOINT WARNING * * *
The gnoll barely misses you.
It was a potion of haste.
You feel yourself speed up.
You howl as the wereblood boils in your veins!
The gnoll completely misses you. The gnoll misses you.
The gnoll hits you with a +0 club!
You die...

#..##
#....############
#...............
#........≈≈≈≈≈≈
#.......≈....
#......≈.#
#<.)..≈.#
###..g≈g# ###@≈.#
#g≈.# #g≈....
#g≈≈.≈≈≈≈
#........
g#####..# . #.. .
.#


You could see 6 gnolls.

Vanquished Creatures
  Ijyb (D:3)
  2 gnolls (D:4)
  4 adders
  6 worms
  A dart slug (D:1)
  10 ball pythons
  2 endoplasms
  2 giant cockroaches (D:1)
  5 goblins
  4 hobgoblins
  9 kobolds
  4 quokkas
  7 bats
  3 frilled lizards (D:1)
  5 rats
65 creatures vanquished.

Notes
Turn   | Place    | Note
-------+----------+-------------------------------------------
     0 | D:1      | pokedragonboy the Gnoll Transmuter began the quest for the
                  | Orb.
     0 | D:1      | Reached XP level 1. HP: 17/17 MP: 6/6
   169 | D:1      | Found Jakirul's Magic Scroll Emporium.
   261 | D:1      | Reached XP level 2. HP: 18/23 MP: 7/7
   572 | D:1      | Learned a level 2 spell: Wereblood
   658 | D:1      | Reached XP level 3. HP: 21/28 MP: 7/9
   767 | D:1      | Reached skill level 5 in Spellcasting
   883 | D:2      | Reached skill level 1 in Invocations
   935 | D:2      | Found a faded altar of an unknown god.
   963 | D:2      | Reached skill level 1 in Short Blades
   963 | D:2      | Reached skill level 1 in Long Blades
   963 | D:2      | Reached skill level 1 in Axes
   963 | D:2      | Reached skill level 1 in Maces & Flails
   963 | D:2      | Reached skill level 1 in Polearms
   963 | D:2      | Reached skill level 1 in Staves
   963 | D:2      | Reached skill level 1 in Slings
   963 | D:2      | Reached skill level 1 in Bows
   963 | D:2      | Reached skill level 1 in Crossbows
   963 | D:2      | Reached skill level 1 in Throwing
   963 | D:2      | Reached skill level 1 in Armour
   963 | D:2      | Reached skill level 1 in Stealth
   963 | D:2      | Reached skill level 1 in Shields
   963 | D:2      | Reached skill level 1 in Evocations
  1451 | D:2      | Reached XP level 4. HP: 26/34 MP: 9/11
  1933 | D:2      | Learned a level 3 spell: Spider Form
  1959 | D:2      | Found a runed translucent door.
  1960 | D:2      | Noticed Crazy Yiuf
  1996 | D:2      | Found Bomoysejeu's Weapon Shop.
  2204 | D:2      | Reached skill level 1 in Conjurations
  2204 | D:2      | Reached skill level 1 in Hexes
  2204 | D:2      | Reached skill level 1 in Summonings
  2204 | D:2      | Reached skill level 1 in Necromancy
  2204 | D:2      | Reached skill level 1 in Translocations
  2204 | D:2      | Reached skill level 1 in Fire Magic
  2204 | D:2      | Reached skill level 1 in Ice Magic
  2204 | D:2      | Reached skill level 1 in Air Magic
  2204 | D:2      | Reached skill level 1 in Earth Magic
  2204 | D:2      | Reached skill level 1 in Poison Magic
  2586 | D:3      | Found a shadowy altar of Dithmenos.
  2835 | D:3      | Noticed Ijyb
  2869 | D:3      | Killed Ijyb
  2870 | D:3      | Reached XP level 5. HP: 30/40 MP: 12/12
  3441 | D:4      | Slain by a gnoll

Illustrated notes

Levels and vault maps discovered:
D:1:      grunt_arrival_lava_bath, layout_rooms, serial_shops, shop
D:2:      layout_rooms, basic_ecumenical_altar, serial_shops,
          nicolae_shop_waterfront, serial_bayou_crossing,
          uniq_crazy_yiuf_cottage
D:3:      layout_basic, lemuel_round_altar, uniq_ijyb
D:4:      layout_layer_cave, mainiacjoe_overflow_brackets,
          gammafunk_ghost_grave, serial_shops, kennysheep_mini_moat,
          nicolae_elemental_shop

Skill      XL: |  1  2  3  4  5 |
---------------+----------------+-----
Spellcasting   | 5 |  5.2
Invocations    | 1 |  1.7
Short Blades   | 1 |  1.5
Long Blades    | 1 |  1.5
Axes           | 1 |  1.5
Maces & Flails | 1 |  1.5
Polearms       | 1 |  1.5
Staves         | 1 |  1.5
Slings         | 1 |  1.5
Bows           | 1 |  1.5
Crossbows      | 1 |  1.5
Throwing       | 1 |  1.5
Armour         | 1 |  1.5
Stealth        | 1 |  1.5
Shields        | 1 |  1.5
Evocations     | 1 |  1.5
Conjurations   | 1 |  1.2
Hexes          | 1 |  1.2
Summonings     | 1 |  1.2
Necromancy     | 1 |  1.2
Translocations | 1 |  1.2
Fire Magic     | 1 |  1.2
Ice Magic      | 1 |  1.2
Air Magic      | 1 |  1.2
Earth Magic    | 1 |  1.2
Poison Magic   | 1 |  1.2
Fighting       | 3 |  3.0
Transmutations | 4 |  4.0
Dodging        | |  4.8
Unarmed Combat | |  6.7

Action                   |  1- 3 |  4- 6 || total
-------------------------+-------+-------++-------
Melee: Unarmed           |    26 |       ||    26
       Kick              |    10 |    16 ||    26
       Headbutt          |    11 |     6 ||    17
       Short sword       |    67 |    88 ||   155
       Bite              |     7 |     7 ||    14
       Punch             |     1 |     3 ||     4
 Cast: Beastly Appendage |    18 |    18 ||    36
       Wereblood         |       |     1 ||     1
  Use: Potion            |       |     1 ||     1
 Stab: Sleeping          |     1 |     2 ||     3
Armor: Robe              |    20 |    10 ||    30
       Skin              |       |     5 ||     5
Dodge: Dodged            |    66 |    70 ||   136
